AoeStats
← jhonskull87

MegaRandom

508056205Analyzed
4v4 RM · 13d ago on Sep 20, 2026· 53m 27s· 8 players
Game mode
Random Map
Map size
Large (8 player)
Population
200
Speed
Normal
Resources
Standard
Victory
Conquest
Starting age
Dark Age
Ending age
Imperial Age
RankedLock teamsTeams togetherTeam positionsShared explorationLock speedFull tech treeHidden civsTurbo modeCheats
Victory
Defeat
🇲🇽 Bohemians · Mexico
836
+12
🇺🇸 Muisca · United States
778
+14
🇺🇸 Maya · United States
760
+15
🇬🇧 Spanish · United Kingdom
741
+16
🇸🇪 Cumans · Sweden
837
-17
🇮🇳 Franks · India
804
-17
🇲🇽 Persians · Mexico
672
-12
🇹🇷 Celts · Türkiye
654
-11
adz0615
15:38 Feudal Age
20:54 Castle Age
19:51 Stone Mining
19:59 Double-Bit Axe
34:45 Caravan
35:48 Bow Saw
44:06 Imperial Age
44:12 Wheelbarrow
45:56 Conscription
50:39 Elite Conquistador
52:19 Hand Cart
Goggleman
23:54 Feudal Age
24:23 Double-Bit Axe
24:20 Horse Collar
24:33 Gold Mining
24:36 Stone Mining
26:26 Arson
28:39 Gold Mining
30:28 Wheelbarrow
36:55 Castle Age
40:51 Bow Saw
40:42 Heavy Plow
42:35 Pikeman
43:16 Squires
42:43 Eagle Warrior
43:43 Hand Cart
44:08 Stone Shaft Mining
43:47 Caravan
49:30 Crossbowman
50:15 Thumb Ring
50:04 Fletching
50:24 Forging
50:14 Scale Mail Armor
50:15 Padded Archer Armor
Iceman
3:21 Loom
12:35 Feudal Age
14:36 Double-Bit Axe
21:49 Castle Age
21:04 Fletching
22:29 Crossbowman
24:21 Bow Saw
31:48 Imperial Age
32:29 Fervor
33:57 Caravan
36:33 Sanctity
39:40 Wheelbarrow
39:00 Pikeman
39:41 Squires
39:27 Arson
39:43 Scale Mail Armor
39:54 Forging
39:39 Bodkin Arrow
39:45 Padded Archer Armor
40:47 Chemistry
39:29 Treadmill Crane
39:46 Halberdier
42:28 Hand Cart
41:59 Town Watch
47:04 Two-Man Saw
45:47 Horse Collar
48:45 Leather Archer Armor
48:31 Bracer
48:47 Chain Mail Armor
49:18 Iron Casting
51:07 Ballistics
50:53 Siege Engineers
51:56 Plate Mail Armor
又菜又爱玩
10:52 Feudal Age
11:57 Loom
12:50 Wheelbarrow
15:23 Horse Collar
15:32 Double-Bit Axe
18:40 Castle Age
17:25 Horse Collar
18:08 Champi Runner
20:15 Bow Saw
20:27 Squires
19:48 Champi Warrior
24:16 Fervor
24:35 Gold Mining
28:49 Heavy Plow
29:25 Gold Shaft Mining
33:26 Imperial Age
31:15 Hand Cart
32:43 Scale Mail Armor
32:53 Forging
32:34 Fletching
32:45 Padded Archer Armor
33:11 Ballistics
32:36 Pikeman
34:04 Thumb Ring
34:48 Conscription
33:49 Elite Guecha Warrior
35:43 Chain Mail Armor
36:04 Iron Casting
35:25 Bodkin Arrow
36:50 Huaracas
38:36 Chemistry
39:04 Sanctity
38:57 Redemption
39:32 Plate Mail Armor
39:53 Elite Champi Warrior
40:52 Block Printing
42:15 Elite Skirmisher
47:55 Elite Temple Guard
49:02 Leather Archer Armor
48:48 Bracer
ricksanchez
4:44 Loom
18:54 Feudal Age
21:06 Bloodlines
22:00 Wheelbarrow
40:15 Gold Mining
40:40 Double-Bit Axe
43:00 Wheelbarrow
48:34 Castle Age
47:07 Horse Collar
47:21 Fletching
47:42 Forging
47:38 Scale Barding Armor
50:41 Bow Saw
51:32 Hand Cart
52:05 Bodkin Arrow
52:10 Padded Archer Armor
Madness
6:28 Loom
14:14 Feudal Age
16:58 Double-Bit Axe
21:39 Castle Age
22:41 Horse Collar
28:11 Heavy Plow
41:31 Imperial Age
39:21 Bow Saw
40:03 Stronghold
44:09 Gold Mining
49:09 Gold Shaft Mining
48:24 Stone Mining
52:33 Wheelbarrow
52:19 Pikeman
french_fires
13:00 Feudal Age
14:42 Double-Bit Axe
17:45 Wheelbarrow
19:48 Castle Age
19:15 Gold Mining
19:17 Stone Mining
20:00 Fishing Lines
22:38 Hand Cart
28:39 Husbandry
30:27 Gillnets
31:36 Scale Barding Armor
31:42 Forging
42:44 Imperial Age
40:00 Town Watch
41:29 Town Patrol
43:04 Caravan
43:59 Chain Barding Armor
43:14 Cavalier
45:02 Iron Casting
47:41 Blast Furnace
47:25 Plate Barding Armor
47:40 Paladin
48:32 Squires
47:53 Pikeman
49:15 Light Cavalry
51:53 Scale Mail Armor
jhonskull87
15:05 Feudal Age
13:21 Loom
16:02 Double-Bit Axe
17:26 Horse Collar
21:19 Wheelbarrow
20:30 Town Watch
23:13 Fishing Lines
23:43 Gold Mining
29:26 Arson
29:59 Bloodlines
31:52 Castle Age
31:02 Forging
30:42 Fletching
30:53 Padded Archer Armor
32:43 Gillnets
32:51 Gillnets
33:49 Bow Saw
33:39 Bodkin Arrow
35:27 Hand Cart
35:08 Stone Mining
36:25 Heated Shot
36:56 Ballistics
37:26 Gold Shaft Mining
38:50 Murder Holes
39:34 Husbandry
39:01 Light Cavalry
41:26 Stone Shaft Mining
43:03 Squires
46:16 Iron Casting
47:42 Parthian Tactics
47:27 Thumb Ring
46:43 Elite Skirmisher
Connection lost

Rejoining the realm…

Still unreachable

The connection could not be restored.

Session expired

The server has moved on; the page needs a fresh start.